 Dungeon Crawl Stone Soup version 0.31-a0-240-gb923e448b6 (webtiles) character file.

Game seed: 2156046010520047402

212 qw the Shooter (level 5, -2/32 HPs)
             Began as a Gargoyle Hexslinger on July 11, 2023.
             Slain by an orc
             ... wielding a +0 war axe
              (4 damage)
             ... on level 3 of the Dungeon.
             The game lasted 00:01:05 (2582 turns).

qw the Shooter (Gargoyle Hexslinger)                Turns: 2582, Time: 00:01:06

Health: -2/32      AC: 10    Str: 12    XL:     5   Next: 90%
Magic:  6/6        EV: 10    Int: 13    God:
Gold:   164        SH:  0    Dex: 14    Spells: 5/6 levels left

rFire   . . .        Y - +1 sling
rCold   . . .        (no shield)
rNeg    + . .        f - +0 ring mail
rPois   inf          (no helmet)
rElec   +            h - +0 cloak
rCorr   .            (no gloves)
SInv    .            (no boots)
Will    .....        (no amulet)
Stlth   +            (no ring)
HPRegen 0.25/turn    (no ring)
MPRegen 0.10/turn

%: no passive effects
@: no status effects
A: sickness immunity, AC +4, negative energy resistance 1, electricity
resistance, torment resistance 1, petrification resistance
a: no special abilities


You were on level 3 of the Dungeon.
You visited 1 branch of the dungeon, and saw 3 of its levels.

You collected 164 gold pieces.


Innate Abilities, Weirdness & Mutations

You are immune to sickness and miasma.
Your stone body is resilient. (AC +4)
You are immune to poison.
You resist negative energy. (rN+)
You are resistant to electric shocks. (rElec)
You are resistant to unholy torment.
You are immune to petrification.


   Skills:
 - Level 3.2 Fighting
 + Level 5.0 Ranged Weapons
 - Level 1.0 Armour
 - Level 1.5 Dodging
 - Level 1.0 Spellcasting
 - Level 2.6 Hexes


You had 5 spell levels left.
You knew the following spells:

 Your Spells              Type           Power      Damage    Failure   Level
a - Slow                  Hex            28%        N/A       22%         1

Your spell library contained the following spells:

 Spells                   Type           Power      Damage    Failure   Level
 Inner Flame              Hex/Fire       4%         N/A       73%         3
 Portal Projectile        Hex/Tloc       8%         N/A       73%         3
 Cause Fear               Hex            3%         N/A       91%         4

Inventory:

Hand Weapons
 Y - a +1 sling (weapon)
Armour
 a - a +0 helmet
 f - a +0 ring mail (worn)
 h - a +0 cloak (worn)
 l - a +0 pair of boots
Wands
 k - a wand of digging (5)
Scrolls
 m - a scroll of identify {unknown}
 o - a scroll of enchant armour {unknown}
Potions
 b - a potion of curing {unknown}
 c - a potion of heal wounds {unknown}
 d - a potion of berserk rage {unknown}
 e - a potion of enlightenment {unknown}
 g - a potion of degeneration {unknown}
 i - a potion of attraction {unknown}
 j - a potion of magic {unknown}
 n - a potion of mutation {unknown}

Dungeon Overview and Level Annotations

Branches:
Dungeon (3/15)

Altars:


Message History

You shoot a sling bullet. The sling bullet hits the orc priest.
The orc priest is severely wounded.
The orc priest hits you but does no damage.
The orc hits you but does no damage. x2
You shoot a sling bullet. The sling bullet hits the orc priest.
The orc priest is severely wounded.
The orc priest hits you with a +0 hand axe.
The orc misses you. The orc closely misses you.
You shoot a sling bullet.
The sling bullet closely misses the orc priest.
The orc hits you but does no damage.
The orc priest invokes the aid of Beogh against you.
Pain shoots through your body! The orc hits you with a +0 war axe. x2
The orc hits you with a +0 short sword.
The orc priest hits you but does no damage.
You shoot a sling bullet. The sling bullet hits the orc priest.
The orc priest is almost dead.
The orc priest hits you with a +0 hand axe.
The orc closely misses you. The orc barely misses you.
You shoot a sling bullet. The sling bullet hits the orc priest.
You kill the orc priest!
The orc barely misses you. The orc hits you but does no damage.
Your Fighting skill increases to level 3!
You shoot a sling bullet.
The sling bullet closely misses the orc.
The orc hits you but does no damage. x3; The orc hits you with a +0 short sword.
You shoot a sling bullet. The sling bullet hits the orc.
The orc is severely wounded.
The orc barely misses you. The orc hits you with a +0 short sword.
You shoot a sling bullet. The sling bullet hits the orc.
You kill the orc!
The orc hits you with a +0 war axe.
You shoot a sling bullet.
The sling bullet closely misses the orc.
The orc barely misses you.
You shoot a sling bullet. The sling bullet barely misses the orc.
The orc closely misses you. x2
You shoot a sling bullet. The sling bullet barely misses the orc.
The orc hits you with a +0 war axe.
You die...

#.# #.# #.#
#(# ..
##.###....
#.........
####..####...
#........+
#....o@###
.......))#
##........
#.........
#........(.
#...........
#...........#
#...........#


You could see an orc.

Vanquished Creatures
  An orc priest (D:3)
  Jessica (D:3)
  Robin (D:3)
  3 gnolls
  2 adders
  2 worms (D:2)
  3 dart slugs
  7 orcs
  4 bats (D:1)
  7 endoplasms
  3 giant cockroaches
  19 goblins
  6 hobgoblins
  2 quokkas (D:1)
  4 ball pythons
  3 frilled lizards
  6 kobolds
  2 rats (D:1)
76 creatures vanquished.

Notes
Turn   | Place    | Note
-------+----------+-------------------------------------------
     0 | D:1      | qw the Gargoyle Hexslinger began the quest for the Orb.
     0 | D:1      | Reached XP level 1. HP: 12/12 MP: 2/2
     0 | D:1      | 0 ||| qw: Version: 0.3-a-52-g30416fa
     0 | D:1      | 0 ||| qw: Game counter: 6100
     0 | D:1      | 0 ||| qw: Melee chars always use a shield: true
     0 | D:1      | 0 ||| qw: God list: Okawaru
     0 | D:1      | 0 ||| qw: Allow faded altars: false
     0 | D:1      | 0 ||| qw: Do Orc after clearing Dungeon:15 true
     0 | D:1      | 0 ||| qw: Do second Lair branch before Depths: true
     0 | D:1      | 0 ||| qw: Lair rune preference: random
     0 | D:1      | 0 ||| qw: Goals: Normal
     0 | D:1      | 0 ||| PLANNING D:1-11
    50 | D:1      | Reached XP level 2. HP: 11/16 MP: 3/3
   198 | D:1      | 198 ||| FLEEEEING.
   199 | D:1      | 199 ||| FLEEEEING.
   200 | D:1      | 200 ||| FLEEEEING.
   201 | D:1      | 201 ||| FLEEEEING.
   202 | D:1      | 202 ||| FLEEEEING.
   203 | D:1      | 203 ||| FLEEEEING.
   207 | D:1      | Reached skill level 3 in Ranged Weapons
   327 | D:1      | Reached XP level 3. HP: 11/21 MP: 4/4
   822 | D:1      | 822 ||| UPGRADING to +0 ring mail.
   832 | D:1      | 832 ||| DROPPING +0 robe.
   833 | D:1      | 833 ||| UPGRADING to +0 cloak.
   838 | D:1      | 838 ||| READING 2 scrolls labelled IRIGANNEROGA.
   841 | D:1      | 841 ||| DROPPING scroll of poison.
  1016 | D:2      | Reached skill level 1 in Armour
  1437 | D:2      | Reached XP level 4. HP: 26/26 MP: 5/5
  1635 | D:3      | 1635 ||| STAIRDANCE
  1726 | D:3      | Reached skill level 4 in Ranged Weapons
  1737 | D:3      | Noticed Jessica
  1740 | D:3      | 1740 ||| FLEEEEING.
  1741 | D:3      | 1741 ||| FLEEEEING.
  1742 | D:3      | 1742 ||| FLEEEEING.
  1743 | D:3      | 1743 ||| FLEEEEING.
  1744 | D:3      | 1744 ||| FLEEEEING.
  1745 | D:3      | 1745 ||| FLEEEEING.
  1746 | D:3      | 1746 ||| FLEEEEING.
  1747 | D:3      | 1747 ||| FLEEEEING.
  1748 | D:3      | 1748 ||| FLEEEEING.
  1749 | D:3      | 1749 ||| FLEEEEING.
  1756 | D:3      | Killed Jessica
  1794 | D:3      | Reached XP level 5. HP: 24/30 MP: 6/6
  1794 | D:3      | 1794 ||| FLEEEEING.
  1795 | D:3      | 1795 ||| FLEEEEING.
  1796 | D:3      | 1796 ||| FLEEEEING.
  1797 | D:3      | 1797 ||| FLEEEEING.
  1798 | D:3      | 1798 ||| FLEEEEING.
  1799 | D:3      | 1799 ||| FLEEEEING.
  1800 | D:3      | 1800 ||| FLEEEEING.
  1801 | D:3      | 1801 ||| FLEEEEING.
  1802 | D:3      | 1802 ||| FLEEEEING.
  1803 | D:3      | 1803 ||| FLEEEEING.
  1804 | D:3      | 1804 ||| FLEEEEING.
  1805 | D:3      | 1805 ||| FLEEEEING.
  1806 | D:3      | 1806 ||| FLEEEEING.
  1807 | D:3      | 1807 ||| FLEEEEING.
  1808 | D:3      | 1808 ||| FLEEEEING.
  1809 | D:3      | 1809 ||| FLEEEEING.
  1820 | D:3      | 1820 ||| STAIRDANCE
  2146 | D:3      | HP: 7/30 [orc priest/divine providence (15)]
  2147 | D:3      | 2147 ||| READING 2 scrolls of teleportation.
  2352 | D:3      | Noticed Robin
  2356 | D:3      | Reached skill level 5 in Ranged Weapons
  2368 | D:3      | HP: 7/30 [goblin/+2 dagger of draining[Robin] (8)]
  2370 | D:3      | 2370 ||| READING scroll of teleportation.
  2481 | D:3      | Killed Robin
  2575 | D:3      | HP: 4/31 [orc priest/+0 hand axe (5)]
  2577 | D:3      | Reached skill level 3 in Fighting
  2578 | D:3      | HP: 1/32 [orc/+0 short sword (2)]
  2582 | D:3      | Slain by an orc

Levels and vault maps discovered:
D:1:      dpeg_arrival_renting, layout_basic, st_stairs_11
D:2:      layout_basic, small_statue_intersection
D:3:      layout_basic, nemelex_dance_club_becter, st_stairs_6, uniq_jessica,
          uniq_robin

Skill      XL: |  1  2  3  4  5 |
---------------+----------------+-----
Ranged Weapons | 3 4 5 |  5.0
Fighting       | 2 3 |  3.2
Armour         | 1 |  1.0
Dodging        | |  1.5
Spellcasting   | |  1.0
Hexes          | |  2.6

Action                     |  1- 3 |  4- 6 || total
---------------------------+-------+-------++-------
   Fire: Sling             |   131 |   144 ||   275
    Use: Scroll            |     1 |     2 ||     3
 Armour: Robe              |     5 |       ||     5
         Ring mail         |     7 |    68 ||    75
  Dodge: Dodged            |    28 |    72 ||   100

Table legend:
 A = Non-vault XP
 B = Vault XP
 C = Vault XP percentage of total XP
 D = Non-vault monster count
 E = Vault monster count
 F = Vault count percentage of total count
                 A         B        C        D         E       F
            +---------+---------+-------+---------+---------+-------
      Total |     221 |      83 |  27.3 |      59 |      17 |  22.4
            +---------+---------+-------+---------+---------+-------
        D:1 |      48 |       7 |  12.7 |      27 |       3 |  10.0
        D:2 |      79 |       0 |   0.0 |      19 |       0 |   0.0
        D:3 |      94 |      76 |  44.7 |      13 |      14 |  51.9
            +---------+---------+-------+---------+---------+-------
